AoeStats
← certaingoosetragedy

Arena

506288347Analyzed
1v1 RM · 21d ago on Sep 13, 2026· 42m 26s· 2 players
Game mode
Random Map
Map size
Tiny (2 player)
Population
200
Speed
Normal
Resources
Standard
Victory
Conquest
Starting age
Dark Age
Ending age
Imperial Age
RankedLock teamsTeams togetherTeam positionsShared explorationLock speedFull tech treeHidden civsTurbo modeCheats
Victory
Defeat
🇨🇴 Malay · Colombia
948
+16
🇺🇸 Franks · United States
955
-46
SummedLamp62796
6:50 Loom
8:13 Loom
11:08 Feudal Age
11:11 Double-Bit Axe
11:12 Horse Collar
11:28 Gold Mining
10:58 Man-at-Arms
12:36 Horse Collar
18:56 Wheelbarrow
22:27 Castle Age
20:50 Forging
21:17 Padded Archer Armor
22:04 Stone Mining
22:26 Bow Saw
22:20 Heavy Plow
21:49 Pikeman
22:26 Long Swordsman
23:57 Gold Shaft Mining
23:02 Crossbowman
24:58 Stone Shaft Mining
31:32 Iron Casting
35:27 Imperial Age
34:00 Leather Archer Armor
34:24 Elite Karambit Warrior
35:30 Halberdier
36:10 Squires
37:28 Blast Furnace
38:13 Ring Archer Armor
37:24 Elite Skirmisher
39:24 Two-Handed Swordsman
40:01 Fletching
certaingoosetragedy
10:37 Feudal Age
16:02 Gold Mining
16:00 Double-Bit Axe
18:35 Castle Age
17:28 Double-Bit Axe
21:54 Forging
27:05 Iron Casting
26:36 Scale Barding Armor
28:45 Bow Saw
29:13 Gold Shaft Mining
28:14 Crossbowman
31:26 Wheelbarrow
30:45 Fletching
33:02 Light Cavalry
36:24 Hand Cart
36:47 Chain Barding Armor
36:24 Bodkin Arrow
36:31 Padded Archer Armor
42:49 Husbandry
Connection lost

Rejoining the realm…

Still unreachable

The connection could not be restored.

Session expired

The server has moved on; the page needs a fresh start.